 Dungeon Crawl Stone Soup version 0.31-a0-435-g2c6fae2916 (webtiles) character file.

Game seed: 15729596338679663112

1619619 Midn8 the Middleweight Champion (level 25, 235/235 HPs)
             Began as a Vampire Shapeshifter on Aug 1, 2023.
             Was an Initiate of Gozag.
             Escaped with the Orb
             ... and 3 runes on Aug 2, 2023!
             The game lasted 04:01:01 (71908 turns).

Midn8 the Middleweight Champion (VpSh)             Turns: 71908, Time: 04:01:02

Health: 235/235    AC: 39    Str: 20    XL:     25   Next: 82%
Magic:  29/29      EV: 27    Int: 21    God:    Gozag
Gold:   3496       SH: 11    Dex: 26    Spells: 24/32 levels left

rFire   . .          .
                       - Unarmed
rCold   . . .        v - +2 buckler {AC+3}
rNeg    + . .        N - +6 pearl dragon scales
rPois   +            C - +2 helmet {Int+3}
rElec   .            I - +2 cloak
rCorr   .            K - +1 pair of gloves
SInv    +            V - +2 pair of boots {Fly}
Will    ++...        Q - amulet of regeneration Stlth
                     a - ring of Pride {rPois Dex+7}
HPRegen 1.59/turn    w - ring "Lurch" {Fly EV+5 Int+6 SInv}
MPRegen 0.21/turn

%: clarity
@: flying, healing quickly, studying Staves, bribing [the Dungeon, the Realm of
Zot]
A: alive, fangs 3, see invisible, vampiric 2, clarity, deterioration 1, robust 1
0: Orb of Zot
}: 3/15 runes: decaying, serpentine, silver
a: Exsanguinate, Renounce Religion, Potion Petition, Call Merchant, Bribe Branch


You escaped.
You worshipped Gozag.
Gozag was most pleased with you.
You visited 9 branches of the dungeon, and saw 47 of its levels.
You visited the Abyss 1 time.
You also visited: Bailey, Ice Cave and Volcano.

You collected 28297 gold pieces.
You spent 1503 gold pieces at shops.
You paid 23298 gold pieces to Gozag.

Inventory:

Missiles
 c - 9 atropa-tipped darts
 n - 12 curare-tipped darts
 r - 59 boomerangs
 E - 31 poisoned darts
 R - 4 throwing nets
Armour
 v - a +2 buckler of protection (worn)
 C - a +2 helmet of intelligence (worn)
 I - a +2 cloak (worn)
 K - a +1 pair of gloves (worn)
 N - +6 pearl dragon scales (worn)
 V - a +2 pair of boots of flying (worn)
Jewellery
 a - the ring of Pride (left hand) {rPois Dex+7}
   (You took it off an ogre mage on level 5 of the Vaults)

   [ring of poison resistance]

   Dex:       It affects your dexterity (+7).
   rPois:     It protects you from poison.
 b - an amulet of reflection
 k - a ring of protection from fire
 w - the ring "Lurch" (right hand) {Fly EV+5 Int+6 SInv}
   (You took it off a deep elf demonologist on level 3 of the Elven Halls)

   [ring of evasion]

   EV:        It affects your evasion (+5).
   Int:       It affects your intelligence (+6).
   SInv:      It lets you see invisible.
   Fly:       It grants you flight.
 G - a ring of protection from cold
 P - a ring of willpower
 Q - an amulet of regeneration (around neck)
Wands
 d - a wand of iceblast (54)
 i - a wand of quicksilver (19)
 p - a wand of paralysis (49)
 y - a wand of digging (1)
 B - a wand of flame (63)
 O - a wand of mindburst (49)
 X - a wand of polymorph (24)
Scrolls
 f - 15 scrolls of teleportation
 h - 5 scrolls of summoning
 j - 3 scrolls of fog
 o - 3 scrolls of silence
 t - 6 scrolls of poison
 J - 7 scrolls of vulnerability
 L - 4 scrolls of blinking
 T - 7 scrolls of fear
Potions
 e - 10 potions of curing
 g - 5 potions of haste
 m - 4 potions of resistance
 s - 3 potions of ambrosia
 z - 2 potions of cancellation
 A - 3 potions of brilliance
 D - 3 potions of mutation
 F - 10 potions of berserk rage
 H - 8 potions of heal wounds
 M - 4 potions of might
 W - 2 potions of enlightenment
 Y - 3 potions of invisibility
 Z - 2 potions of magic
Miscellaneous
 l - a phantom mirror
 q - a condenser vane
 u - a lightning rod (4/4)
 x - a box of beasts
 S - a phial of floods


   Skills:
 - Level 21.0 Fighting
 + Level 14.3 Armour
 - Level 15.0 Dodging
 - Level 14.0 Shields
 O Level 27 Unarmed Combat
 - Level 4.0 Spellcasting
 - Level 6.0 Translocations
 - Level 8.0 Air Magic
 - Level 12.0 Evocations
 - Level 5.0 Shapeshifting


You had 24 spell levels left.
You knew the following spells:

 Your Spells              Type           Power      Damage    Failure   Level
z - Vhi's Electric Charg  Tloc/Air       66%        N/A       5%          3
B - Blink                 Tloc           58%        N/A       4%          2
S - Swiftness             Air            37%        N/A       3%          3

Your spell library contained the following spells:

 Spells                   Type           Power      Damage    Failure   Level
 Apportation              Tloc           58%        N/A       2%          1
 Lesser Beckoning         Tloc           58%        N/A       4%          2
 Shock                    Conj/Air       84%        1d8       6%          1
 Static Discharge         Conj/Air       42%        2-4/arc   10%         2
 Airstrike                Air            18%        2d(3-19)  12%         4
 Momentum Strike          Conj/Tloc      32%        3d8       14%         2
 Cigotuvi's Dreadful Rot  Necr/Pois/Air  30%        N/A       17%         2
 Volatile Blastmotes      Fire/Tloc      32%        2d12      28%         3
 Manifold Assault         Tloc           29%        N/A       28%         4
 Magic Dart               Conj           16%        1d3       32%         1
 Necrotise                Necr           16%        1d4       32%         1
 Slow                     Hex            16%        N/A       32%         1
 Sting                    Tmut/Pois      16%        1d3       32%         1
 Summon Small Mammal      Summ           16%        N/A       32%         1
 Mephitic Cloud           Conj/Pois/Air  15%        N/A       34%         3
 Call Imp                 Summ           8%         N/A       45%         2
 Ensorcelled Hibernation  Hex/Ice        8%         N/A       45%         2
 Searing Ray              Conj           8%         2d4       45%         2
 Summon Lightning Spire   Summ/Air       21%        N/A       54%         4
 Iskenderun's Mystic Bla  Conj/Tloc      16%        2d5       67%         4
 Confusing Touch          Hex            4%         N/A       69%         3
 Dazzling Flash           Conj/Hex       8%         N/A       69%         3
 Frozen Ramparts          Ice            8%         1d2       69%         3
 Inner Flame              Hex/Fire       4%         N/A       69%         3
 Ozocubu's Armour         Ice            4%         N/A       69%         3
 Stone Arrow              Conj/Erth      8%         3d7       69%         3
 Summon Guardian Golem    Hex/Summ       4%         N/A       69%         3
 Vampiric Draining        Necr           4%         2d6       69%         3
 Arcjolt                  Conj/Air       10%        1d20      87%         5
 Silence                  Hex/Air        10%        N/A       87%         5
 Summon Forest            Summ/Tloc      8%         N/A       95%         5
 Anguish                  Hex/Necr       2%         N/A       97%         4
 Animate Armour           Summ/Erth      8%         N/A       97%         4
 Cause Fear               Hex            2%         N/A       97%         4
 Flame Wave               Conj/Fire      4%         2d5       97%         4
 Fulminant Prism          Conj/Hex       2%         3d5       97%         4
 Olgreb's Toxic Radiance  Pois           4%         N/A       97%         4
 Petrify                  Tmut/Erth      4%         N/A       97%         4
 Sticky Flame             Conj/Fire      4%         2d3       97%         4
 Summon Ice Beast         Ice/Summ       4%         N/A       97%         4
 Freezing Cloud           Conj/Ice/Air   7%         6-21      97%         5
 Dispersal                Tloc           14%        N/A       99%         6
 Agony                    Necr           4%         N/A       100%        5
 Alistair's Intoxication  Tmut/Pois      2%         N/A       100%        5
 Irradiate                Conj/Tmut      2%         3d12      100%        5
 Iskenderun's Battlesphe  Conj           4%         2d6       100%        5
 Metabolic Englaciation   Hex/Ice        2%         N/A       100%        5
 Summon Mana Viper        Hex/Summ       4%         N/A       100%        5
 Conjure Ball Lightning   Conj/Air       10%        3x3d6     100%        6
 Eringya's Noxious Bog    Tmut/Pois      2%         4d6       100%        6
 Leda's Unmaking          Conj/Erth      2%         9d1       100%        6
 Starburst                Conj/Fire      2%         6d3       100%        6
 Enfeeble                 Hex            2%         N/A       100%        7
 Haunt                    Necr/Summ      2%         N/A       100%        7
 Malign Gateway           Summ/Tloc      8%         N/A       100%        7
 Monstrous Menagerie      Summ           2%         N/A       100%        7
 Orb of Destruction       Conj           2%         9d5       100%        7
 Ozocubu's Refrigeration  Ice            2%         4d7       100%        7
 Spellforged Servitor     Conj/Summ      2%         N/A       100%        7
 Summon Hydra             Summ           2%         N/A       100%        7
 Discord                  Hex            2%         N/A       100%        8
 Disjunction              Tloc           14%        N/A       100%        8
 Ignition                 Fire           2%         3d3       100%        8
 Infestation              Necr           2%         N/A       100%        8
 Lehudib's Crystal Spear  Conj/Erth      2%         10d2      100%        8
 Maxwell's Capacitive Co  Air            18%        ∞         100%        8
 Animate Dead             Necr           Unusable   N/A       N/A         4

Dungeon Overview and Level Annotations

Branches:
Dungeon (15/15)            Temple (0/1) D:7            Lair (5/5) D:8
  Swamp (4/4) Lair:3        Snake (4/4) Lair:2        Slime (0/5) Lair:5
    Orc (2/2) D:10            Elf (3/3) Orc:2        Vaults (5/5) D:14
  Crypt (0/3) Vaults:3     Depths (4/4) D:15            Zot (5/5) Depths:4
 Bailey (visited)           IceCv (visited)         Volcano (visited)

Altars:
Cheibriados
Dithmenos
Gozag
Hepliaklqana
Kikubaaqudgha
Makhleb
Qazlal
Sif Muna
Trog
Uskayaw
Wu Jian
Xom

Shops:
Orc:2 ([*:   Elf:2 *   Vaults:1 *=!:(   Vaults:2 [   Depths:3 [

Portals:
Hell: Depths:1 Depths:2 Depths:3 Depths:4
Abyss: Depths:1 Depths:2 Depths:3 Depths:4
Pandemonium: Depths:1 Depths:2
Ziggurat: Depths:1

Annotations:
D:5 1 runed translucent door, Tollund's ghost, novice GnCj
D:9 3 runed translucent doors
Lair:3 2 transporters, Pooter's ghost, adept MiBe
Snake:2 Roxanne
Elf:2 5 runed translucent doors
Vaults:1 36 runed doors
Depths:2 exclusions: hell hog, 2 hell knights and 1 more exclusion
Zot:2 1 transporter
Zot:5 2 exclusions


Innate Abilities, Weirdness & Mutations

Your natural rate of healing is accelerated.
You have razor-sharp teeth.
You have supernaturally acute eyesight. (SInv)
You are afflicted with vampirism and can become a bat while bloodless.
You possess an exceptional clarity of mind.
Your body sometimes deteriorates upon taking damage.
You are robust. (+10% HP)


Message History

There is a stone staircase leading down here.
The lich stares, then turns away, jangling a coin purse.
The ancient lich stares, then turns away, jangling a coin purse.
A lich and an ancient lich come into view.
(D) Dungeon (T) Temple (L) Lair (S) Swamp (P) Snake Pit (M) Slime Pits (O) Orcish Mines (E) Elven Halls (V) Vaults (C) Crypt (U) Depths (H) Hell (Z) Zot
Where to? (Enter - D:1 @ (x,y), ? - help) Foad comes into view.
Foad stares, then turns away, jangling a coin purse.
(D) Dungeon (T) Temple (L) Lair (S) Swamp (P) Snake Pit (M) Slime Pits (O) Orcish Mines (E) Elven Halls (V) Vaults (C) Crypt (U) Depths (H) Hell (Z) Zot
Where to? (Enter - D:1 @ (x,y), ? - help)
Your neqoxec grins greedily, jangling a coin purse.
A neqoxec comes into view.
No target in view!
(D) Dungeon (T) Temple (L) Lair (S) Swamp (P) Snake Pit (M) Slime Pits (O) Orcish Mines (E) Elven Halls (V) Vaults (C) Crypt (U) Depths (H) Hell (Z) Zot
Where to? (Enter - D:1 @ (x,y), ? - help)
There is a stone staircase leading up here.
You fly upwards.
There is a stone staircase leading down here.
A shadow demon comes into view.
You pummel the shadow demon like a punching bag!!!
The shadow demon is almost dead.
You pummel the shadow demon!!
You kill the shadow demon!
(D) Dungeon (T) Temple (L) Lair (S) Swamp (P) Snake Pit (M) Slime Pits (O) Orcish Mines (E) Elven Halls (V) Vaults (C) Crypt (U) Depths (H) Hell (Z) Zot
Where to? (Enter - D:1 @ (x,y), ? - help)
There is a staircase leading out of the dungeon here.
The neqoxec stares, then turns away, jangling a coin purse.
You have escaped!

#.# ##.# #..#.# #.#
#..# #..#.# #.# ##.##
#..#.# #.# #.##
###..#.# #.#### ##.#
#....#.#
######....#######.##
#.##.#>#
.......##..#.#3###.#
#.##.#.#
###########.#.#.#.##
#.##.#.# ####
######@#######.##.#.#
(..#
##.#.#.#.##.##.#.#
.#.########
#.###.#.#...##.#.#
.#........#
##.#######..#....#
.####..#### #.##
##..###.# .#####.#
##.# #...# #.#
.......## ####.## ###
##..###.#
~~.~P...###....# #.#
#..#...##
~≈~~~~~..#..#.### #.#
#.###.##


You could see a neutral neqoxec (unaware).

Vanquished Creatures
  2 dread liches (Vaults:5)
  Mara (Vaults:3)
  Mennas (Depths:3)
  A juggernaut (Depths:3)
  Vv (Depths:2)
  Bai Suzhen (Snake:3)
  Margery (Vaults:3)
  A caustic shrike (Depths:3)
  10 golden dragons
  Norris (Elf:1)
  An electric golem (Zot:2)
  Zenata (Vaults:1)
  Rupert (Lair:5)
  Jorgrun (D:13)
  4 tentacled monstrosities
  3 liches
  4 Orb Guardians (Zot:5)
  4 quicksilver dragons
  A deep elf master archer (Elf:3)
  A walking earthen tome (Depths:2)
  A deep elf blademaster (Elf:3)
  7 titans
  Mlioglotl (Swamp:4)
  A walking frostbound tome (Depths:3)
  Asterion (Vaults:1)
  Frances (D:14)
  6 death cobs
  6 sphinxes
  A tentacled starspawn (Abyss:2)
  4 thorn hunters
  2 tengu reavers
  10 storm dragons
  Kirke (D:14)
  Aizul (Snake:2)
  2 draconian monks
  The ghost of snackwell the Geomancer, a journeyman MeEE of Vehumet (Swamp:1)
  9 fire giants
  2 fenstrider witches
  7 shadow dragons
  3 draconian knights
  9 deep elf sorcerers
  2 nagarajas
  2 deep elf elementalists (Elf:3)
  An iron dragon (Vaults:5)
  13 vault wardens
  A draconian shifter (Zot:1)
  A cacodemon (D:9)
  13 frost giants
  2 ghouls (Swamp:3)
  2 orc warlords
  15 ironbound preservers
  4 draconian stormcallers
  19 very ugly things
  2 spriggan defenders (Depths:3)
  2 green draconians
  2 draconian annihilators (Zot:1)
  3 formless jellyfish
  4 ironbound thunderhulks
  6 black draconians
  19 stone giants
  An eleionoma (Swamp:1)
  A vampire knight (Depths:3)
  11 deep elf demonologists
  4 spark wasps
  A bunyip (Swamp:2)
  The ghost of Zoekh the Fighter, a journeyman DsCK of Xom (Lair:4)
  7 purple draconians
  6 white draconians
  15 dire elephants
  Azrael (Snake:3)
  3 yellow draconians
  5 deep elf death magi (Elf:3)
  11 deep elf annihilators
  4 red draconians
  A merfolk javelineer (Depths:3)
  9 ettins
  5 fire dragons
  10 great orbs of eyes
  A shambling mangrove (Swamp:4)
  7 deep elf high priests
  14 yaktaur captains
  2 entropy weavers
  8 salamander tyrants
  A rakshasa (Abyss:2)
  9 ice dragons
  2 peacekeepers
  24 vault guards (Vaults:5)
  2 ghost crabs
  7 ironbound frosthearts
  A spriggan air mage (Depths:3)
  A hell beast (Depths:1)
  27 hydras
  2 death knights
  2 catoblepae
  A spriggan skeleton (Abyss:2)
  21 centaur warriors
  3 ogre magi
  7 anacondas
  5 boulder beetles
  9 dancing weapons
  7 deep troll shamans
  9 two-headed ogres
  13 alligators
  5 tengu warriors
  9 deep troll earth magi
  19 naga warriors
  2 thrashing horrors (Abyss:2)
  10 death yaks
  14 hell knights
  3 orc high priests
  3 shock serpents
  3 soul eaters
  9 deep elf knights
  4 sun demons
  15 naga sharpshooters
  4 spriggan berserkers
  A storm dragon zombie (Depths:1)
  9 iron trolls
  2 shadow wraiths
  A death drake (shapeshifter) (Elf:3)
  47 deep trolls
  A spriggan druid (Swamp:3)
  A deep troll (shapeshifter) (Vaults:5)
  4 salamander mystics
  6 swamp dragons
  4 glowing orange brains
  3 flayed ghosts
  A shadow demon (D:1)
  6 wizards
  3 goliath frogs
  5 phantasmal warriors
  4 naga ritualists
  A sea snake (Snake:2)
  3 deep elf archers
  8 lindwurms
  12 orc knights
  An orb spider (shapeshifter) (D:14)
  5 bog bodies
  A lindwurm (shapeshifter) (Depths:2)
  2 starcursed masses (Abyss:2)
  18 ironbound convokers
  A sphinx zombie (Vaults:4)
  20 deep elf zephyrmancers
  10 necromancers
  Pikel (D:5)
  A harpy (D:13)
  8 large abominations
  22 deep elf pyromancers
  3 mana vipers
  6 orc sorcerers
  2 wolf spiders
  A wolf spider (shapeshifter) (Vaults:4)
  A frost giant zombie (Depths:1)
  A faun (shapeshifter) (Vaults:5)
  25 ugly things
  4 will-o-the-wisps
  5 cyclopes
  2 moths of wrath (shapeshifter)
  6 manticores
  6 moths of wrath
  Joseph (D:7)
  27 salamanders
  34 elephants
  30 black mambas
  5 guardian serpents
  A fire giant skeleton (Depths:1)
  10 naga magi
  An ice statue (IceCv)
  3 centaur skeletons (D:14)
  8 cane toads
  A centaur zombie (D:14)
  16 vault sentinels
  A water nymph (shapeshifter) (Depths:2)
  A torpor snail (shapeshifter) (Depths:2)
  A torpor snail (Lair:4)
  6 smoke demons
  A gargoyle (D:11)
  2 orange demons
  A kobold demonologist (D:7)
  2 unseen horrors
  3 freezing wraiths
  9 komodo dragons
  14 rime drakes
  22 yaktaurs
  2 ice devils (Lair:4)
  2 tengu conjurers
  2 ancient zymes (Abyss:2)
  7 trolls
  A merfolk (shapeshifter) (Vaults:5)
  3 meliai (D:15)
  5 polar bears (IceCv)
  14 tyrant leeches
  A hornet (shapeshifter) (D:14)
  21 blink frogs
  9 hornets
  Grinder (D:6)
  A raiju (Abyss:2)
  26 dream sheep
  5 air elementals
  3 shadows
  A slime creature (shapeshifter) (Vaults:5)
  29 slime creatures
  7 spriggans
  A culicivora (Vaults:4)
  2 vampires
  2 wraiths
  10 wyverns
  8 water elementals
  24 yaks
  7 fire elementals
  2 fire bats (Elf:2)
  4 basilisks
  2 redbacks (Vaults:4)
  A steam dragon (D:7)
  A redback simulacrum (D:14)
  13 vampire mosquitoes
  4 neqoxecs
  2 small abominations (Abyss:2)
  40 nagas
  9 wargs
  12 swamp worms
  2 acid dragons
  12 water moccasins
  A floating eye (Depths:3)
  6 hell hounds (Snake:3)
  43 orc warriors
  3 sky beasts (D:7)
  An ice beast (Abyss:2)
  5 black bears
  8 swamp drakes
  12 ogres
  29 wolves
  3 boggarts (Vaults:1)
  15 centaurs
  A human skeleton (Vaults:4)
  A phantom (D:7)
  2 kobold brigands (D:10)
  10 bullfrogs
  2 gnoll sergeants
  2 earth elementals
  2 scorpions
  A glowing shapeshifter simulacrum (Vaults:4)
  5 wights (D:7)
  3 killer bees (D:8)
  5 howler monkeys
  A tengu skeleton (Depths:1)
  7 electric eels
  A lava snake (Elf:2)
  3 hounds
  A gnoll bouda (D:7)
  23 orc priests
  9 jellies
  A sleepcap (D:6)
  2 iguanas
  24 orc wizards
  7 hell rats (Lair:1)
  Robin (D:4)
  15 gnolls
  12 adders
  3 shadow imps
  5 white imps
  2 ufetubi
  8 worms
  3 dart slugs
  108 orcs
  6 ball pythons
  6 bats
  20 endoplasms
  2 giant cockroaches
  13 goblins
  8 hobgoblins
  6 quokkas
  5 frilled lizards
  29 kobolds
  4 rats
1878 creatures vanquished.

Vanquished Creatures (collateral kills)
  A golden dragon (Zot:5)
  An electric golem (Zot:5)
  4 Orb Guardians (Zot:5)
  A storm dragon (Zot:5)
  A ghost moth (Zot:5)
  A draconian shifter (Zot:5)
  A green draconian (Zot:5)
  A lorocyproca (Zot:3)
  2 purple draconians (Zot:5)
  A yellow draconian (Zot:5)
  3 moths of wrath (Zot:5)
  2 yaktaurs (Vaults:4)
19 creatures vanquished.

Vanquished Creatures (others)
  A dread lich (Zot:5)
  An ancient lich (Zot:5)
  2 Killer Klowns (Zot:5)
  An electric golem (Zot:5)
  A tentacled monstrosity (Zot:5)
  6 Orb Guardians (Zot:5)
  A deep elf pyromancer (Elf:1)
  A chaos spawn (D:14)
  An orc priest (Orc:2)
  3 orcs (Orc:2)
  22 foxfires
  2 starspawn tentacles (Abyss:2)
42 creatures vanquished.

Grand Total: 1939 creatures vanquished

Notes
Turn   | Place    | Note
-------+----------+-------------------------------------------
     0 | D:1      | Midn8 the Vampire Shapeshifter began the quest for the Orb.
     0 | D:1      | Reached XP level 1. HP: 14/14 MP: 1/1
   201 | D:1      | Reached XP level 2. HP: 20/20 MP: 2/2
   222 | D:1      | Reached skill level 4 in Unarmed Combat
   905 | D:2      | Gained mutation: You are afflicted with vampirism and can
                  | become a bat while bloodless. [Vampire growth]
   905 | D:2      | Reached XP level 3. HP: 13/25 MP: 3/3
  1131 | D:2      | Reached skill level 5 in Unarmed Combat
  1492 | D:2      | Reached XP level 4. HP: 27/31 MP: 4/4
  2291 | D:3      | Reached skill level 6 in Unarmed Combat
  2327 | D:3      | Reached skill level 1 in Fighting
  2342 | D:3      | Noticed a bullfrog
  2354 | D:3      | Killed a bullfrog
  2355 | D:3      | Reached XP level 5. HP: 23/39 MP: 5/5
  2861 | D:4      | Noticed a black bear
  2877 | D:4      | Killed a black bear
  2878 | D:4      | Reached XP level 6. HP: 48/48 MP: 6/6
  3006 | D:4      | Noticed Robin
  3092 | D:4      | Killed Robin
  3348 | D:5      | Entered Level 5 of the Dungeon
  3383 | D:5      | Reached skill level 7 in Unarmed Combat
  3481 | D:5      | Found a runed translucent door.
  3481 | D:5      | Noticed Tollund's ghost (novice GnCj)
  3588 | D:5      | Reached XP level 7. HP: 54/54 MP: 7/7
  3597 | D:5      | Found an opulent altar of Gozag.
  3613 | D:5      | Became a worshipper of Gozag Ym Sagoz the Greedy
  3688 | D:5      | Found a burning altar of Makhleb.
  4059 | D:6      | Reached skill level 8 in Unarmed Combat
  4335 | D:6      | Reached skill level 5 in Fighting
  4358 | D:6      | Noticed Pikel
  4394 | D:5      | Killed Pikel
  4395 | D:5      | Reached skill level 9 in Unarmed Combat
  4395 | D:5      | Reached XP level 8. HP: 42/64 MP: 8/8
  4791 | D:6      | Noticed Grinder
  4814 | D:6      | Killed Grinder
  4815 | D:6      | Reached skill level 10 in Unarmed Combat
  4815 | D:6      | Reached skill level 1 in Armour
  5167 | D:7      | Found a staircase to the Ecumenical Temple.
  5398 | D:7      | Reached XP level 9. HP: 61/71 MP: 9/9
  5468 | D:7      | Found a snail-covered altar of Cheibriados.
  5471 | D:7      | Noticed Joseph
  5472 | D:7      | Found a hide-covered altar of Uskayaw.
  5541 | D:7      | Killed Joseph
  5632 | D:7      | Found a stormy altar of Qazlal.
  5903 | D:7      | Reached skill level 5 in Shapeshifting
  5912 | D:7      | Noticed an unseen horror
  5933 | D:7      | Killed an unseen horror
  5934 | D:7      | Reached skill level 11 in Unarmed Combat
  6026 | D:7      | Identified the +1 glaive "Ihuoc" {distort, Contam rC+++
                  | Dex+3}
  6027 | D:7      | Identified the +4 trident of Ashenzari's Supremacy {elec,
                  | Drain rCorr Str+2}
  6149 | D:7      | Reached XP level 10. HP: 78/79 MP: 10/10
  6278 | D:7      | Reached skill level 12 in Unarmed Combat
  6468 | D:8      | Found a staircase to the Lair.
  6493 | D:8      | Reached skill level 5 in Dodging
  6603 | D:8      | Identified the +0 robe of Fuuleo {rElec rN+ Will+}
  6879 | D:7      | Found a bloodstained altar of Trog.
  6879 | D:7      | Found a hazy altar of Hepliaklqana.
  7188 | D:8      | Found an ornate altar of the Wu Jian Council.
  7188 | D:8      | Noticed a two-headed ogre
  7206 | D:8      | Killed a two-headed ogre
  7366 | D:8      | Found a shadowy altar of Dithmenos.
  7422 | D:8      | Paralysed by a hornet for 2 turns
  7430 | D:8      | Reached skill level 13 in Unarmed Combat
  7623 | D:9      | Found a runed translucent gate.
  7623 | D:9      | Found a runed translucent gate.
  7623 | D:9      | Found a runed translucent gate.
  7623 | D:9      | Noticed a cyan ugly thing
  7624 | D:9      | Noticed a red ugly thing
  7624 | D:9      | Noticed a green ugly thing
  7625 | D:9      | Noticed a cyan ugly thing
  7756 | D:9      | Found a shimmering altar of Xom.
  7823 | D:9      | Noticed a two-headed ogre
  7836 | D:9      | Killed a two-headed ogre
  8146 | D:10     | Entered Level 10 of the Dungeon
  8193 | D:10     | Reached skill level 14 in Unarmed Combat
  8267 | D:10     | Reached XP level 11. HP: 62/86 MP: 11/11
  8468 | D:10     | Found a flagged portal.
  8478 | Bailey   | Entered a bailey
  8697 | Bailey   | Noticed an orc knight
  8731 | Bailey   | Killed an orc knight
  8772 | Bailey   | Noticed an orc knight
  8782 | Bailey   | Killed an orc knight
  8903 | Bailey   | Identified the +6 spear of Defiance {pain, rC+ rN+ Will-
                  | Int+4}
  9115 | D:10     | Found a staircase to the Orcish Mines.
  9389 | Lair:1   | Entered Level 1 of the Lair of Beasts
  9435 | Lair:1   | Reached skill level 10 in Fighting
  9443 | Lair:1   | Reached skill level 1 in Evocations
  9790 | Lair:1   | Noticed a lindwurm
  9809 | Lair:1   | Found a dark tunnel.
  9822 | Lair:1   | Killed a lindwurm
  9846 | Volcano  | Entered a volcano
  9859 | Volcano  | Noticed a stone giant
  9916 | Lair:1   | Noticed a boulder beetle
  9955 | Lair:1   | Reached skill level 5 in Evocations
 10009 | Lair:1   | Killed a boulder beetle
 10327 | Lair:2   | Found a staircase to the Snake Pit.
 10459 | Lair:2   | Noticed a four-headed hydra
 10472 | Lair:2   | Killed a four-headed hydra
 10473 | Lair:2   | Reached XP level 12. HP: 51/97 MP: 10/12
 10618 | Lair:2   | Noticed a five-headed hydra
 10904 | Lair:2   | Reached skill level 15 in Unarmed Combat
 11074 | Lair:2   | Noticed a dire elephant
 11091 | Lair:2   | Found a runed translucent door.
 11189 | Lair:2   | Noticed a five-headed hydra
 11205 | Lair:2   | Killed a five-headed hydra
 11795 | Lair:2   | Killed a five-headed hydra
 12320 | Lair:3   | Reached skill level 5 in Armour
 12365 | Lair:3   | Noticed an eight-headed hydra
 12386 | Lair:3   | Found a transporter.
 12387 | Lair:3   | Noticed Pooter's ghost (adept MiBe)
 12388 | Lair:3   | Noticed a six-headed hydra
 12766 | Lair:3   | Found a staircase to the Swamp.
 12932 | Lair:3   | Found a transporter.
 12994 | Lair:3   | Reached XP level 13. HP: 54/103 MP: 13/13
 13815 | Lair:3   | Reached skill level 16 in Unarmed Combat
 14141 | Lair:4   | Found a frozen archway.
 14172 | IceCv    | Entered an ice cave
 14617 | IceCv    | Noticed a frost giant
 14816 | IceCv    | Killed a frost giant
 15639 | Lair:4   | Reached XP level 14. HP: 116/118 MP: 14/14
 16409 | Lair:4   | Found a large runed translucent door.
 16409 | Lair:4   | Found a large runed translucent door.
 16418 | Lair:4   | Noticed Zoekh's ghost (journeyman DsCK)
 16612 | Lair:4   | Killed Zoekh's ghost
 16673 | Lair:5   | Entered Level 5 of the Lair of Beasts
 16698 | Lair:5   | Noticed Rupert
 16699 | Lair:5   | Paralysed by Rupert for 5 turns
 17294 | Lair:5   | Reached skill level 17 in Unarmed Combat
 18230 | Lair:5   | Identified the +7 scale mail of Dozxob Tody {Dex+3 Slay+2}
 18923 | Lair:5   | Found a staircase to the Slime Pits.
 18982 | Lair:5   | Reached skill level 10 in Dodging
 19184 | Lair:5   | Killed Rupert
 21026 | D:12     | Reached XP level 15. HP: 115/123 MP: 15/15
 21137 | D:12     | Identified the +3 long sword "Impbane" {heavy, Contam rPois
                  | Int+2}
 21661 | D:13     | Noticed Jorgrun
 21714 | D:13     | Killed Jorgrun
 22032 | D:13     | Reached skill level 18 in Unarmed Combat
 22278 | D:13     | Noticed a frost giant
 22287 | D:13     | Killed a frost giant
 22528 | D:13     | Identified the +7 whip of the Warrior {freeze, rN+ Dex+5}
 22530 | D:13     | Got the Directory of the Mercurial Singularity
 22535 | D:13     | Identified the +3 flail of Resumed Hostilities {vamp,
                  | Int+2}
 22749 | Orc:1    | Entered Level 1 of the Orcish Mines
 22985 | Orc:2    | Entered Level 2 of the Orcish Mines
 23310 | Orc:2    | Found a staircase to the Elven Halls.
 24701 | Orc:2    | Reached skill level 15 in Fighting
 25247 | Orc:2    | Found Esaivip's Antique Armour Shop.
 25248 | Orc:2    | Found Ramoehuc's Antique Weapon Shop.
 25250 | Orc:2    | Found Oshroeb's General Store.
 25250 | Orc:2    | Found Guecung's Book Boutique.
 25265 | Orc:2    | Bought a pair of faintly humming gloves for 285 gold pieces
 25265 | Orc:2    | Identified the +0 pair of gloves of Woum {rElec rCorr Int-2
                  | Slay-5} (You bought it in a shop on level 2 of the Orcish
                  | Mines)
 25661 | Orc:2    | Learned a level 3 spell: Swiftness
 25848 | Swamp:1  | Entered Level 1 of the Swamp
 25902 | Swamp:1  | Found a runed translucent gate.
 25902 | Swamp:1  | Found a runed translucent gate.
 25902 | Swamp:1  | Found a runed translucent gate.
 25907 | Swamp:1  | Noticed snackwell's ghost (journeyman MeEE)
 25933 | Swamp:1  | Noticed a fenstrider witch
 25935 | Swamp:1  | Paralysed by a fenstrider witch for 4 turns
 25946 | Swamp:1  | Killed a fenstrider witch
 25978 | Swamp:1  | Noticed a thorn hunter
 26092 | Swamp:1  | Killed a thorn hunter
 26268 | Swamp:1  | Reached skill level 1 in Spellcasting
 26268 | Swamp:1  | Reached skill level 1 in Air Magic
 26268 | Swamp:1  | Reached XP level 16. HP: 136/136 MP: 17/17
 27508 | Swamp:2  | Reached skill level 5 in Air Magic
 27721 | Swamp:2  | Identified the +2 leather armour "Zuosus" {Dex+5}
 28259 | Swamp:3  | Noticed a thorn hunter
 28283 | Swamp:3  | Killed a thorn hunter
 29209 | Swamp:4  | Entered Level 4 of the Swamp
 29239 | Swamp:4  | Noticed Mlioglotl
 29401 | Swamp:4  | Noticed a thorn hunter
 29422 | Swamp:4  | Reached skill level 19 in Unarmed Combat
 29432 | Swamp:4  | Killed a thorn hunter
 29907 | Swamp:4  | Killed Mlioglotl
 29970 | Swamp:4  | Noticed a thorn hunter
 30198 | Swamp:4  | Killed a thorn hunter
 30588 | Swamp:3  | Reached skill level 20 in Unarmed Combat
 30700 | Swamp:4  | Got a decaying rune of Zot
 31287 | Snake:1  | Entered Level 1 of the Snake Pit
 31293 | Snake:1  | Reached XP level 17. HP: 142/142 MP: 21/21
 31829 | Snake:1  | Found Onisk's Jewellery Shoppe.
 32226 | Snake:2  | Noticed Roxanne
 32866 | Snake:2  | Noticed Aizul
 32890 | Snake:2  | Killed Aizul
 33723 | Snake:2  | Learned a level 2 spell: Blink
 33755 | Snake:3  | Reached skill level 1 in Translocations
 34728 | Snake:3  | Noticed Bai Suzhen
 34745 | Snake:3  | Killed Bai Suzhen
 35019 | Snake:3  | Identified the +8 dagger of the Final Chapter {vamp, rC+}
 35175 | Snake:3  | Reached skill level 5 in Translocations
 35338 | Snake:3  | Noticed Azrael
 35377 | Snake:3  | Killed Azrael
 35704 | Snake:4  | Entered Level 4 of the Snake Pit
 36082 | Snake:4  | Found a shadowy altar of Dithmenos.
 36617 | Snake:4  | Reached skill level 21 in Unarmed Combat
 37019 | Snake:4  | Reached XP level 18. HP: 136/153 MP: 22/22
 38488 | Snake:4  | Got a serpentine rune of Zot
 38744 | D:14     | Noticed Kirke
 38754 | D:14     | Killed Kirke
 38813 | D:14     | Noticed Frances
 38826 | D:14     | Killed Frances
 38879 | D:14     | Reached skill level 22 in Unarmed Combat
 39221 | D:14     | Found a gate to the Vaults.
 39536 | D:15     | Entered Level 15 of the Dungeon
 39724 | D:15     | Found a staircase to the Depths.
 40113 | D:15     | Reached XP level 19. HP: 163/163 MP: 23/23
 40636 | Orc:2    | Bought a ring of willpower for 350 gold pieces
 40670 | Elf:1    | Entered Level 1 of the Elven Halls
 40755 | Elf:1    | Noticed Norris
 40781 | Elf:1    | Killed Norris
 41692 | Elf:1    | Paralysed by an air elemental for 1 turns
 41694 | Elf:1    | Paralysed by an air elemental for 1 turns
 42722 | Elf:2    | Found Utwoca's Elven Fire.
 43054 | Elf:2    | Found a huge runed translucent gate.
 43056 | Elf:2    | Found a huge runed translucent gate.
 43056 | Elf:2    | Found a huge runed translucent gate.
 43057 | Elf:2    | Found a huge runed translucent gate.
 43057 | Elf:2    | Found a huge runed translucent gate.
 43344 | Elf:3    | Entered Level 3 of the Elven Halls
 43409 | Elf:3    | Got the Encyclopedia of Poor Excuses
 44479 | Elf:3    | Reached XP level 20. HP: 136/173 MP: 24/24
 44542 | Elf:3    | Identified the ring "Lurch" {Fly EV+5 Int+6 SInv}
 44577 | Elf:3    | Paralysed by an air elemental for 1 turns
 44579 | Elf:3    | Paralysed by an air elemental for 1 turns
 44581 | Elf:3    | Paralysed by an air elemental for 1 turns
 44600 | Elf:3    | Gained mutation: You are clumsy. (Dex -2) [a cacodemon]
 44734 | Elf:3    | Reached skill level 5 in Shields
 45094 | Elf:3    | Identified the +6 falchion of Dominance {elec, rPois Str+4
                  | Int+3 Dex-3}
 45404 | Elf:3    | Identified the +3 long sword of the Beast {pain, rC+ Will+
                  | Int-3}
 45807 | Elf:3    | Identified the +1 plate armour of Negligence {*Corrode +Inv
                  | Str+2}
 46531 | Vaults:1 | Entered Level 1 of the Vaults
 46820 | Vaults:1 | Noticed Zenata
 46847 | Vaults:1 | Killed Zenata
 47007 | Vaults:1 | Reached skill level 23 in Unarmed Combat
 47050 | Vaults:1 | Noticed Asterion
 47073 | Vaults:1 | Killed Asterion
 47119 | Vaults:1 | Lost mutation: You are clumsy. (Dex -2) [potion of
                  | mutation]
 47119 | Vaults:1 | Gained mutation: You are covered in fur. (AC +1) [potion of
                  | mutation]
 47119 | Vaults:1 | Gained mutation: Your muscles are strong. (Str +4, Int/Dex
                  | -1) [potion of mutation]
 47119 | Vaults:1 | Gained mutation: Your body sometimes deteriorates upon
                  | taking damage. [potion of mutation]
 47119 | Vaults:1 | Gained mutation: Your muscles are very strong. (Str +8,
                  | Int/Dex -2) [potion of mutation]
 47120 | Vaults:1 | Lost mutation: Your body sometimes deteriorates upon taking
                  | damage. [potion of mutation]
 47120 | Vaults:1 | Lost mutation: You are covered in fur. (AC +1) [potion of
                  | mutation]
 47120 | Vaults:1 | Lost mutation: Your muscles are very strong. (Str +8,
                  | Int/Dex -2) [potion of mutation]
 47120 | Vaults:1 | Gained mutation: You sometimes lose your temper in combat.
                  | [potion of mutation]
 47120 | Vaults:1 | Gained mutation: Armour fits poorly on your strangely
                  | shaped body. [potion of mutation]
 47120 | Vaults:1 | Gained mutation: You have sharp fingernails. [potion of
                  | mutation]
 47122 | Vaults:1 | Lost mutation: Armour fits poorly on your strangely shaped
                  | body. [potion of mutation]
 47122 | Vaults:1 | Lost mutation: You sometimes lose your temper in combat.
                  | [potion of mutation]
 47122 | Vaults:1 | Lost mutation: You have sharp fingernails. [potion of
                  | mutation]
 47122 | Vaults:1 | Gained mutation: You are vulnerable to cold. (rC-) [potion
                  | of mutation]
 47122 | Vaults:1 | Lost mutation: You are vulnerable to cold. (rC-) [potion of
                  | mutation]
 47122 | Vaults:1 | Gained mutation: You passively dampen the noise of your
                  | surroundings. [potion of mutation]
 47128 | Vaults:1 | Found Ceawn's Jewellery Emporium.
 47221 | Vaults:1 | Got the Book of Coordinates
 47226 | Vaults:1 | Found Wik Vipam's Antique Weapon Shoppe.
 47447 | Vaults:1 | Found Begumi's Distillery.
 47520 | Vaults:1 | Bought 2 potions of heal wounds for 140 gold pieces
 47520 | Vaults:1 | Bought a potion of berserk rage for 70 gold pieces
 47520 | Vaults:1 | Bought a potion of haste for 140 gold pieces
 47534 | Vaults:1 | Found Egaejuj's Book Shop.
 47546 | Vaults:1 | Found a huge runed gate.
 47546 | Vaults:1 | Found a huge runed gate.
 47546 | Vaults:1 | Found a huge runed gate.
 47546 | Vaults:1 | Found a huge runed gate.
 47546 | Vaults:1 | Found a huge runed gate.
 47546 | Vaults:1 | Found a huge runed gate.
 47546 | Vaults:1 | Found a huge runed gate.
 47548 | Vaults:1 | Found a huge runed gate.
 47548 | Vaults:1 | Found a huge runed gate.
 47548 | Vaults:1 | Found a huge runed gate.
 47549 | Vaults:1 | Found a huge runed gate.
 47549 | Vaults:1 | Found a huge runed gate.
 47550 | Vaults:1 | Found a huge runed gate.
 47551 | Vaults:1 | Found a huge runed gate.
 47552 | Vaults:1 | Found a huge runed gate.
 47555 | Vaults:1 | Found a huge runed gate.
 47555 | Vaults:1 | Found a huge runed gate.
 47556 | Vaults:1 | Found a huge runed gate.
 47557 | Vaults:1 | Found a huge runed gate.
 47574 | Vaults:1 | Found a huge runed gate.
 47574 | Vaults:1 | Found a huge runed gate.
 47574 | Vaults:1 | Found a huge runed gate.
 47574 | Vaults:1 | Found a huge runed gate.
 47574 | Vaults:1 | Found a huge runed gate.
 47575 | Vaults:1 | Found a huge runed gate.
 47576 | Vaults:1 | Found a huge runed gate.
 47577 | Vaults:1 | Found a huge runed gate.
 47578 | Vaults:1 | Found a huge runed gate.
 47586 | Vaults:1 | Found a huge runed gate.
 47586 | Vaults:1 | Found a huge runed gate.
 47586 | Vaults:1 | Found a huge runed gate.
 47586 | Vaults:1 | Found a huge runed gate.
 47586 | Vaults:1 | Found a huge runed gate.
 47586 | Vaults:1 | Found a huge runed gate.
 47587 | Vaults:1 | Found a huge runed gate.
 47588 | Vaults:1 | Found a huge runed gate.
 47954 | Vaults:1 | Found Lafipuhe's General Store.
 47965 | Vaults:1 | Bought a potion of curing for 36 gold pieces
 47965 | Vaults:1 | Bought a scroll of teleportation for 36 gold pieces
 47965 | Vaults:1 | Bought a wand of iceblast (5) for 144 gold pieces
 47965 | Vaults:1 | Bought a wand of iceblast (4) for 115 gold pieces
 49137 | Vaults:2 | Found Joifuhiv's Antique Armour Shop.
 49145 | Vaults:2 | Bought an embroidered cloak for 187 gold pieces
 50195 | Vaults:2 | Reached skill level 10 in Shields
 50668 | Vaults:3 | You are sucked into a shaft and drop 1 floor!
 50909 | Vaults:4 | Reached XP level 21. HP: 180/180 MP: 25/25
 51270 | Vaults:3 | Noticed Mara
 51293 | Vaults:3 | Noticed Midn8's illusion
 51300 | Vaults:3 | Noticed Midn8's illusion
 51594 | Vaults:3 | Noticed Margery
 51627 | Vaults:3 | Killed Margery
 52266 | Vaults:3 | Noticed Midn8's illusion
 52269 | Vaults:3 | Killed Mara
 52709 | Vaults:3 | Identified the +0 helmet "Epydgheqoh" {SInv}
 52832 | Vaults:3 | Found a staircase to the Crypt.
 52846 | Vaults:3 | Identified the +3 plate armour "Kil Erem" {Contam rElec
                  | rF++ Int-5 Stlth+}
 53141 | Vaults:4 | Identified a scroll of acquirement
 53152 | Vaults:4 | Acquired 1009 gold pieces
 53376 | Vaults:4 | Reached skill level 10 in Armour
 54611 | Depths:1 | Entered Level 1 of the Depths
 54791 | Depths:1 | Found a one-way gateway to a ziggurat.
 55245 | Depths:1 | Found a gateway to Hell.
 55250 | Depths:1 | Found a one-way gate to the infinite horrors of the Abyss.
 55382 | Depths:1 | Found a one-way gate leading to the halls of Pandemonium.
 55426 | Depths:1 | Reached XP level 22. HP: 144/187 MP: 26/26
 57277 | Depths:2 | Reached skill level 24 in Unarmed Combat
 57286 | Depths:2 | Noticed Vv
 57325 | Depths:2 | Killed Vv
 57439 | Depths:2 | Got Fouwecot's Directory of Shades and Electrocution
 58451 | Depths:2 | Paralysed by a sphinx for 2 turns
 58457 | Depths:2 | Reached skill level 10 in Evocations
 58537 | Depths:2 | Noticed a golden dragon
 58566 | Depths:2 | Killed a golden dragon
 58612 | Depths:2 | Got Sif Muna's Guidebook on Impulse and Terrain
 59575 | Depths:3 | Noticed Mennas
 59600 | Depths:3 | Killed Mennas
 60039 | Depths:3 | Found Kutusaz's Armour Emporium.
 60361 | Depths:3 | Noticed a caustic shrike
 60379 | Depths:3 | Killed a caustic shrike
 60417 | Depths:3 | Noticed a golden dragon
 60435 | Depths:3 | Killed a golden dragon
 60782 | Depths:3 | Noticed a juggernaut
 61286 | Depths:3 | Killed a juggernaut
 61297 | Depths:3 | Identified the +5 arbalest of Excruciating Pain {flame,
                  | rPois rC- Str+3}
 61410 | Depths:4 | Entered Level 4 of the Depths
 61759 | Depths:4 | Noticed a golden dragon
 61775 | Depths:4 | Killed a golden dragon
 61776 | Depths:4 | Reached XP level 23. HP: 148/197 MP: 27/27
 61849 | Depths:4 | Found a gate to the Realm of Zot.
 63077 | Depths:4 | Found an ancient bone altar of Kikubaaqudgha.
 64461 | Depths:4 | Noticed a caustic shrike
 64461 | Depths:4 | Noticed a caustic shrike
 64461 | Depths:4 | Noticed a caustic shrike
 64461 | Depths:4 | Noticed a caustic shrike
 64461 | Depths:4 | Noticed a caustic shrike
 64837 | Vaults:5 | Entered Level 5 of the Vaults
 64980 | Vaults:5 | Got a silver rune of Zot
 64994 | Vaults:5 | Noticed a dread lich
 65005 | Vaults:5 | Killed a dread lich
 65111 | Vaults:5 | Reached skill level 25 in Unarmed Combat
 65626 | Vaults:5 | Identified the ring "Ylirph" {Int+2 SInv}
 65664 | Vaults:5 | Got the Textbook on Overhead Companions
 65670 | Vaults:5 | Learned a level 3 spell: Vhi's Electric Charge
 65830 | Vaults:5 | Identified the ring of Pride {rPois Dex+7}
 66087 | Vaults:5 | Reached skill level 26 in Unarmed Combat
 66219 | Vaults:5 | Noticed a dread lich
 66228 | Vaults:5 | Killed a dread lich
 66544 | Vaults:5 | Reached XP level 24. HP: 126/208 MP: 23/29
 66834 | Abyss:2  | Cast into level 2 of the Abyss (a deep elf demonologist)
 67018 | Abyss:2  | Gained mutation: You are frail. (-10% HP) [a neqoxec]
 67204 | Vaults:5 | Escaped the Abyss
 67524 | Vaults:5 | Identified the +3 lajatang of Integrity {heavy, rElec
                  | Dex+3}
 67527 | Vaults:5 | Reached skill level 27 in Unarmed Combat
 67527 | Vaults:5 | Reached XP level 25. HP: 192/192 MP: 29/29
 68090 | Depths:4 | Lost mutation: Your muscles are strong. (Str +4, Int/Dex
                  | -1) [potion of mutation]
 68090 | Depths:4 | Lost mutation: You passively dampen the noise of your
                  | surroundings. [potion of mutation]
 68090 | Depths:4 | Lost mutation: You are frail. (-10% HP) [potion of
                  | mutation]
 68090 | Depths:4 | Gained mutation: You have hidden genetic potential. [potion
                  | of mutation]
 68090 | Depths:4 | Gained mutation: A frigid envelope surrounds you and
                  | freezes all who hurt you. [potion of mutation]
 68106 | Zot:1    | Entered Level 1 of the Realm of Zot
 68309 | Depths:4 | Reached skill level 15 in Dodging
 69124 | Swamp:1  | Killed snackwell's ghost
 69566 | Zot:2    | Noticed an orb of fire
 69699 | Zot:2    | Noticed a dread lich
 69700 | Zot:2    | Found a shimmering blue altar of Sif Muna.
 69700 | Zot:2    | Noticed an ancient lich
 69705 | Zot:2    | Found a transporter.
 70129 | Zot:3    | Gained mutation: You are frail. (-10% HP) [mutagenic glow]
 70183 | Zot:3    | Lost mutation: You are frail. (-10% HP) [potion of
                  | mutation]
 70183 | Zot:3    | Lost mutation: You have hidden genetic potential. [potion
                  | of mutation]
 70183 | Zot:3    | Lost mutation: A frigid envelope surrounds you and freezes
                  | all who hurt you. [potion of mutation]
 70183 | Zot:3    | Gained mutation: Your body sometimes deteriorates upon
                  | taking damage. [potion of mutation]
 70183 | Zot:3    | Gained mutation: You possess an exceptional clarity of
                  | mind. [potion of mutation]
 70183 | Zot:3    | Gained mutation: You are robust. (+10% HP) [potion of
                  | mutation]
 70668 | Zot:5    | Entered Level 5 of the Realm of Zot
 71003 | Zot:5    | Noticed a dread lich
 71012 | Zot:5    | Noticed an ancient lich
 71015 | Zot:5    | Noticed an orb of fire
 71018 | Zot:5    | Noticed a Killer Klown
 71018 | Zot:5    | Noticed an orb of fire
 71018 | Zot:5    | Noticed an orb of fire
 71022 | Zot:5    | Noticed a Killer Klown
 71023 | Zot:5    | Noticed a Killer Klown
 71024 | Zot:5    | Noticed an orb of fire
 71025 | Zot:5    | Noticed a Killer Klown
 71118 | Zot:5    | Killed a Killer Klown
 71122 | Zot:5    | Noticed an orb of fire
 71301 | Zot:5    | Noticed a Killer Klown
 71306 | Zot:5    | Got the Orb of Zot
 71586 | D:15     | Noticed Rusiaxog the pandemonium lord
 71631 | D:14     | Noticed Ilir the pandemonium lord
 71823 | D:2      | Noticed an ancient lich
 71824 | D:2      | Noticed Foad the pandemonium lord
 71908 | D:$      | Escaped with the Orb!

Illustrated notes

Levels and vault maps discovered:
D:1:      reono_arrival_mine, layout_loops_ring, chequers_big_river
D:2:      layout_basic
D:3:      layout_basic, minmay_divided_ellipse
D:4:      layout_rooms, chequers_hall_statues_wall_a, uniq_robin
D:5:      layout_rooms, mainiacjoe_overflow_swirl, gammafunk_ghost_grave,
          nrook_campfire
D:6:      layout_gridville, uniq_grinder, uniq_pikel
D:7:      minmay_the_grid_octo_2x2 [minmay_the_grid_octo_concentric,
          minmay_the_grid_octo_tetromino_candy, minmay_the_grid_octo_toaster,
          minmay_the_grid_octo_prize_ultimate_mussel_roller], layout_rooms,
          grunt_temple_overflow_open, nicolae_overflow_hidden_temple,
          minmay_temple_entry_overgrown, uniq_joseph
D:8:      layout_basic, nzn_wu_jian_council_hall, grunt_dithmenos_smoke,
          lemuel_round_altar, erik_lair_orcish_takeover
D:9:      layout_rooms, lemuel_crystal_altar,
          ploomutoo_gammafunk_ghost_potion_laboratory
D:10:     layout_rooms, hiddenorc1_lemuel, enter_bailey_4,
          dreamdust_mushroom_princess
D:11:     layout_loops_ring, minmay_three_doors
D:12:     layout_basic, minmay_alternating_orb
D:13:     minmay_sliced_demisemicircle, layout_rooms, uniq_jorgrun
D:14:     layout_cave_pools, david_vaults_4, dk_noncrumbling_2,
          hangedman_weighted_door, uniq_frances, uniq_kirke
D:15:     grunt_enter_depths_hoard, layout_irregular_city
Lair:1:   layout_cave_shapes, nicolae_volcano_entry_vermiform
Lair:2:   gammafunk_lair_enchanted_lake, layout_cave_pods,
          minmay_snake_entry_guardpost_small, beast_lair_carwin_9,
          lemuel_fruit_tree
Lair:3:   lemuel_slime, layout_cave_pods, minmay_swamp_entry_worms,
          gammafunk_ghost_berserking_beasts, infiniplex_staircase_pool_2
Lair:4:   layout_cave_pods, portal_ice_cave_demonic_guard,
          ebering_ghost_disaster_area
Lair:5:   hangedman_lair_in_review, layout_cave_pods, dpeg_slime_entry_enclosed,
          chequers_serial_rivers_micro_a, uniq_rupert
Swamp:1:  layout_falls_marsh, gammafunk_ghost_hydra_chop,
          evilmike_swamp_ruin_house_2
Swamp:2:  layout_falls_marsh, evilmike_swamp_ruin_house_4,
          infiniplex_staircase_pool
Swamp:3:  layout_basic_swamp, nicolae_swamp_little_tower, hangedman_swamp_pad,
          swamp_pool1
Swamp:4:  swamp, layout_basic_swamp, swamp_pool5,
          nicolae_swamp_feature_on_the_river_bank, uniq_mlioglotl
Snake:1:  layout_grid_shapes, serial_shops, shop, serial_bayou_shore_a
Snake:2:  layout_cave_shapes, serial_bayou, serial_bayou_shore_b,
          serial_bayou_pond_e, serial_bayou_pond_b, serial_bayou_lagoon_a,
          serial_bayou_pond_b, serial_bayou_shore_b, uniq_roxanne, uniq_aizul
Snake:3:  layout_concentric_octagons, nicolae_letterblocks
          [nicolae_letter_subblock, nicolae_letter_subblock,
          nicolae_letter_subblock, nicolae_letter_subblock,
          nicolae_letter_subblock, nicolae_letter_subblock,
          nicolae_letter_subblock, nicolae_letter_subblock,
          nicolae_letter_subblock, nicolae_letter_subblock,
          nicolae_letter_subblock, nicolae_letter_subblock,
          nicolae_letter_subblock, nicolae_letter_subblock,
          nicolae_letter_subblock, nicolae_letter_subblock,
          nicolae_letter_subblock, nicolae_letter_subblock,
          nicolae_letter_subblock, nicolae_letter_subblock,
          nicolae_letter_subblock, nicolae_letter_subblock,
          nicolae_letter_subblock, nicolae_letter_subblock,
          nicolae_letter_subblock], nicolae_triple_integral, uniq_bai_suzhen,
          uniq_azrael
Snake:4:  grunt_snake_rune_pools, layout_grid_maze, basic_altar
Orc:1:    layout_caves, basic_altar, minmay_orc_keep
Orc:2:    st_orc_congregation, layout_caves, basic_altar, nooodl_orcs_dogs
Elf:1:    eino_elf_arrival_shootout, layout_onion_city, hangedman_elf_represent,
          grunt_ministairs_3, uniq_norris
Elf:2:    elven_hall_of_blades_hangedman_alternative
          [nicolae_blade_entry_area_security], layout_loops_cross,
          guppyfry_elf_lava
Elf:3:    minmay_elf_hall_x, layout_geoelf_octagon, grunt_ministairs_10
Vaults:1: nicolae_vaults_shelves_hall, v_misc_19, nicolae_vaults_circle_grid_a,
          door_vault, nicolae_vaults_storage_closets_3, v_misc_22,
          vaults_room_boxed, grunt_vaults_funnel,
          vaults_mumra_minichess_inversion, grunt_vaults_bifocal,
          nicolae_vaults_six-pack, nicolae_vaults_trapezoid_4,
          vaults_dpeg_encased_lava, nicolae_vaults_tetromino_Z_1,
          nicolae_vaults_doubleplus_tesselated, layout_vaults_big_room,
          serial_shops, shop, shop, shop, shop, shop, uniq_zenata, uniq_asterion
Vaults:2: nicolae_vaults_shipping_containers_6, nicolae_vaults_asterisk,
          hangedman_vaults_hat, nicolae_vaults_tangram_2, grunt_vaults_diagonal,
          v_misc_16, nicolae_vaults_mini_display_case, vaults_room_semicircle,
          vaults_dpeg_emergency_exit, nicolae_vaults_heart-shaped_vault,
          layout_vaults_omnigrid, serial_shops, shop
Vaults:3: v_misc_8, nicolae_vaults_layer_cake_slice, nicolae_vaults_turnstiles,
          blue_anna_dwarven_crypt, v_misc_29, v_misc_12,
          nicolae_vaults_closet_pinwheel_3, nicolae_vaults_security_offices_4,
          dpeg_vaults_monster_box, nicolae_vaults_little_squares_6,
          nicolae_vaults_trapezoid_layered, ontoclasm_vaults_hangar,
          vaults_mumra_hexcomb, nicolae_vaults_specimen_jars,
          nicolae_vaults_tetromino_Z_2, layout_vaults_maze_snakey, uniq_margery,
          uniq_mara
Vaults:4: hangedman_vaults_capsules, nicolae_vaults_diamond_2,
          nicolae_vaults_more_shelving_2, nicolae_vaults_octothorpe, v_misc_19,
          nicolae_vaults_house_2, nicolae_vaults_storage_closets_1,
          ontoclasm_vaults_gateway, nicolae_vaults_network_periphery,
          hangedman_vaults_stretched_pinwheel, nicolae_vaults_weapon_check,
          vaults_standard_mumra_enter_the_diamond, layout_vaults_omnicross
Vaults:5: serial_shops
Depths:1: layout_cave_pools, enter_ziggurat_c, hangedman_decor_growths,
          rand_demon_pan_entry_8, abyss_entry_glasseish, hell_entry,
          kennysheep_generic_room_2
Depths:2: kennysheep_large_spiral, layout_basic, hellmouth_3, abyss_entry,
          pan_entry, serial_sigils_hangedman_snap, infiniplex_staircase_river,
          uniq_vv
Depths:3: kennysheep_green_arena, layout_gridlike, serial_shops,
          nicolae_shop_stone, hell_entry, hangedman_abyss_entry_splay,
          uniq_mennas
Depths:4: grunt_crosshair, layout_gridville, fountainhead, abyss_entry,
          hell_entry, grunt_ministairs_13, nicolae_kikubaaqudgha_miasma_corner
Zot:1:    layout_basic, grunt_megastairs_3
Zot:2:    gammafunk_sealed_library, layout_onion_interference
Zot:3:    layout_concentric_octagons
Zot:4:    hellmonk_paralyzer, layout_misc_corridors
Zot:5:    layout_misc_corridors

Skill      XL: |  1  2  3  4  5  6  7  8  9 10 11 12 13 14 15 16 17 18 19 20 21 22 23 24 25 |
---------------+----------------------------------------------------------------------------+-----
Unarmed Combat | 4 5 6 7 9 10 11 14 15 16 17 18 20 21 22 23 24 26 27 | 27.0
Fighting       | 2 4 6 8 10 13 15 16 17 19 20 21 | 21.0
Armour         | 2 6 7 9 11 14 | 14.3
Shapeshifting  | 5 |  5.0
Dodging        | 6 7 10 12 13 15 | 15.0
Evocations     | 6 7 9 12 | 12.0
Shields        | 4 10 14 | 14.0
Spellcasting   | 1 3 4 |  4.0
Air Magic      | 1 7 8 |  8.0
Translocations | 5 6 |  6.0

Action                     |  1- 3 |  4- 6 |  7- 9 | 10-12 | 13-15 | 16-18 | 19-21 | 22-24 | 25-27 || total
---------------------------+-------+-------+-------+-------+-------+-------+-------+-------+-------++-------
  Melee: Unarmed           |    85 |   170 |   234 |   866 |  1714 |  1791 |  1900 |  1655 |   397 ||  8812
         Bite              |    10 |    14 |    23 |   116 |   312 |   318 |   383 |   350 |    78 ||  1604
         Punch             |     3 |     2 |    14 |    15 |       |       |       |       |       ||    34
  Throw: Dart              |       |       |       |    10 |     4 |     1 |       |     5 |       ||    20
         Boomerang         |       |       |       |       |       |     1 |     5 |     1 |     1 ||     8
   Cast: Blink             |       |       |       |       |       |       |     2 |     1 |     1 ||     4
         Vhi's Electric Ch |       |       |       |       |       |       |       |    15 |     8 ||    23
 Invoke: Potion Petition   |       |       |       |     4 |     3 |     4 |     6 |     3 |       ||    20
         Bribe Branch      |       |       |       |       |       |       |       |       |     5 ||     5
Ability: Revivify          |       |       |       |       |       |       |       |     2 |       ||     2
         Exsanguinate      |       |       |       |       |       |       |       |     1 |       ||     1
  Evoke: Wand              |       |     2 |     3 |    11 |     4 |     7 |    11 |    16 |     6 ||    60
         Lightning rod     |       |       |       |       |       |       |     7 |       |       ||     7
         Condenser vane    |       |       |       |       |       |       |     3 |     1 |     1 ||     5
         Box of beasts     |       |       |       |       |       |       |     1 |       |       ||     1
         Phial of floods   |       |       |       |       |       |       |     1 |       |       ||     1
         Phantom mirror    |       |       |       |       |       |       |       |     1 |       ||     1
    Use: Scroll            |       |     6 |     5 |    10 |     9 |     7 |    10 |     4 |     3 ||    54
         Potion            |       |       |     1 |     1 |     8 |     5 |     7 |     7 |     5 ||    34
   Stab: Sleeping          |     1 |     1 |       |       |       |       |       |       |       ||     2
         Paralysed         |       |     6 |       |     2 |       |       |       |     7 |       ||    15
         Distracted        |       |       |     2 |     3 |     5 |     9 |     8 |     6 |     3 ||    36
         Invisible         |       |       |       |     5 |       |     2 |       |    10 |       ||    17
         Confused          |       |       |       |       |       |       |     1 |       |       ||     1
 Armour: Animal skin       |     6 |    14 |       |       |       |       |       |       |       ||    20
         Plate armour      |       |    48 |   126 |    44 |    85 |       |       |       |       ||   303
         Skin              |       |       |     1 |       |       |       |       |       |       ||     1
         Troll leather arm |       |       |     1 |   120 |       |       |       |       |       ||   121
         Crystal plate arm |       |       |       |       |   232 |       |       |       |       ||   232
         Pearl dragon scal |       |       |       |       |   273 |   585 |   407 |   320 |   115 ||  1700
  Dodge: Dodged            |    33 |    70 |    53 |   425 |   695 |  1096 |   738 |   541 |   242 ||  3893
  Block: Buckler           |       |       |       |   152 |   739 |   765 |   187 |   353 |   117 ||  2313
         Reflection        |       |       |       |     1 |    43 |    49 |    56 |    17 |       ||   166
         Kite shield       |       |       |       |       |       |       |   698 |   354 |       ||  1052
         Form:             |       |       |       |     1 |       |       |       |       |       ||     1

Table legend: (Time is in decaauts)
 A = Elapsed time spent in this place.
 B = Non-inter-level travel time spent in this place.
 C = Inter-level travel time spent in this place.
 D = Time resting spent in this place.
 E = Time spent auto-exploring this place.
 F = Levels seen in this place.
 G = Mean time per level.
                   A        B        C        D        E       F      G
               +--------+--------+--------+--------+--------+-----+--------+
         Total |  69055 |  61959 |   7096 |  20291 |  24629 |  51 | 1354.0 |
       Dungeon |  15561 |  12899 |   2662 |   2221 |   7668 |  15 | 1037.4 |
          Lair |   9681 |   8491 |   1190 |   2633 |   3449 |   5 | 1936.2 |
         Swamp |   4989 |   4755 |    234 |   2153 |   1463 |   4 | 1247.2 |
     Snake Pit |   6777 |   6141 |    636 |   2429 |   2135 |   4 | 1694.2 |
  Orcish Mines |   3000 |   2723 |    277 |   1099 |   1002 |   2 | 1500.0 |
   Elven Halls |   5477 |   5220 |    257 |   2168 |   1782 |   3 | 1825.7 |
        Vaults |  10363 |   9344 |   1019 |   2671 |   4137 |   5 | 2072.6 |
        Depths |   9253 |   8531 |    722 |   3897 |   2531 |   4 | 2313.2 |
           Zot |   2102 |   2007 |     95 |    511 |    138 |   5 |  420.4 |
         Abyss |    319 |    319 |      0 |     22 |      0 |   1 |  319.0 |
        Bailey |    489 |    489 |      0 |    100 |    139 |   1 |  489.0 |
      Ice Cave |   1016 |   1016 |      0 |    383 |    184 |   1 | 1016.0 |
       Volcano |     23 |     23 |      0 |      0 |      0 |   1 |   23.0 |
               +--------+--------+--------+--------+--------+-----+--------+

Top non-repeatable levels by time:
   Elf:3: 2867 daAuts
Depths:4: 2706 daAuts
Depths:3: 2669 daAuts
  Lair:2: 2607 daAuts
Depths:2: 2591 daAuts
  Lair:3: 2375 daAuts
Vaults:5: 2327 daAuts
  Lair:5: 2169 daAuts
 Snake:4: 2142 daAuts
Vaults:1: 2141 daAuts
Vaults:2: 2028 daAuts
Vaults:3: 1936 daAuts
Vaults:4: 1929 daAuts
 Snake:3: 1867 daAuts
   Orc:1: 1694 daAuts
